[Event "Team 45 45 League T42"]
[Site "Internet Chess Club"]
[Date "2009.08.01"]
[Round "1"]
[White "Fezzik"]
[Black "HumanTornado"]
[Result "0-1"]
[WhiteElo "2016"]
[BlackElo "1911"]
[Opening "QGD: Cambridge Springs defense, Yugoslav variation"]
[ECO "D52"]
[Time "12:03:53"]
[TimeControl "2700+45"]

1. d4 d5 2. c4 c6 3. Nc3 Nf6 4. Nf3 e6 5. Bg5 Nbd7 6. e3 Qa5 7. cxd5 Nxd5 8. Qd2
Bb4 9. Rb1 Bxc3 10. bxc3 Qxc3 11. Bd3 h6 12. Bh4 Qxd2+ 13. Nxd2 O-O 14. O-O e5
15. Nf3 exd4 16. Nxd4 Ne5 17. Bc2 Nc4 18. Rbd1 Bg4 19. Nf3 Bxf3 20. gxf3 Rfe8
21. e4 Nf4 22. Rd7 Rab8 23. Bg3 Ne2+ 24. Kg2 Nxg3 25. Kxg3 Red8 26. Rfd1 Rxd7
27. Rxd7 Kf8 28. f4 Ke8 29. Rd4 Nb6 30. Bb3 c5 31. Rd1 c4 32. Bc2 Rc8 33. Kf3 c3
34. Bb3 Nc4 35. Rc1 b5 36. Bxc4 Rxc4 37. Ke3 b4 38. Kd3 Rc7 39. Kc2 a5 40. Kb3
Ke7 41. a3 Rb7 42. axb4 axb4 43. Ra1 g5 44. fxg5 hxg5 45. Kc2 Kf6 46. f3 Ke5 47.
Ra5+ Kd4 48. Rxg5 Kc4 49. Rg8 b3+ 50. Kb1 Kd3 51. Rd8+ Ke2 52. Rc8 Kd3 53. Rd8+
Ke3 54. Rc8 c2+ 55. Kb2 Kxf3 56. e5 Ke3 57. h4 Ke4 58. Re8 Rc7 {White resigns}
0-1

[Event "Team 45 45 League T42"]
[Site "Internet Chess Club"]
[Date "2009.07.30"]
[Round "1"]
[White "BigW"]
[Black "AronT"]
[Result "1-0"]
[WhiteElo "1884"]
[BlackElo "1915"]
[Opening "QGD: Ragozin variation"]
[ECO "D38"]
[Time "22:00:11"]
[TimeControl "2700+45"]

1. d4 Nf6 2. c4 e6 3. Nf3 d5 4. Nc3 Bb4 5. Qa4+ Nc6 6. a3 Bxc3+ 7. bxc3 O-O 8.
Bg5 h6 9. Bh4 Bd7 10. Qc2 Qe7 11. e3 dxc4 12. Bxc4 e5 13. Rb1 Na5 14. Ba2 exd4
15. cxd4 Rac8 16. Ne5 Be6 17. d5 Bxd5 18. Bxf6 Qxf6 19. Nd7 Qe7 20. Nxf8 Be4 21.
Ng6 Qe8 22. Qd2 Bxb1 23. Bxb1 fxg6 24. Ba2+ {Black resigns} 1-0

[Event "Team 45 45 League T42"]
[Site "Internet Chess Club"]
[Date "2009.08.01"]
[Round "1"]
[White "Thersites"]
[Black "monsterpawn"]
[Result "0-1"]
[WhiteElo "1688"]
[BlackElo "1812"]
[Opening "Sicilian: Najdorf, Byrne (English) attack"]
[ECO "B90"]
[Time "15:00:20"]
[TimeControl "2700+45"]

1. e4 c5 2. Nf3 d6 3. d4 cxd4 4. Nxd4 Nf6 5. Nc3 a6 6. Be3 e5 7. Nb3 Be6 8. f3
Be7 9. Qd2 Nbd7 10. g4 O-O 11. O-O-O b5 12. g5 Nh5 13. Ne2 a5 14. Ng3 a4 15. Na1
Nf4 16. a3 b4 17. Qxb4 d5 18. Qd2 d4 19. Bxf4 exf4 20. Ne2 Rb8 21. Qxd4 Bc5 22.
Qxa4 Qb6 23. Nb3 Be3+ 24. Kb1 Nc5 25. Qa5 Qb7 26. Ned4 Bxb3 27. Nxb3 Nxb3 28.
cxb3 Qxb3 29. Rd2 Bxd2 30. Qxd2 Rfd8 31. Qc2 Rd1+ {White resigns} 0-1

[Event "Team 45 45 League T42"]
[Site "Internet Chess Club"]
[Date "2009.08.03"]
[Round "1"]
[White "Emrebey"]
[Black "Gwyddbwyll"]
[Result "0-1"]
[WhiteElo "1630"]
[BlackElo "1716"]
[Opening "English: Bremen system, Keres variation"]
[ECO "A23"]
[Time "16:00:12"]
[TimeControl "2700+45"]

1. c4 e5 2. Nc3 Nf6 3. g3 c6 4. d4 e4 5. d5 Bb4 6. Bg2 cxd5 7. cxd5 O-O 8. Bg5
h6 9. Bxf6 Qxf6 10. Rc1 Qe7 11. a3 Bxc3+ 12. Rxc3 d6 13. Re3 Bf5 14. Qd4 Re8 15.
g4 Bh7 16. Bxe4 Bxe4 17. f3 Nc6 18. dxc6 Qh4+ 19. Kf1 Bxc6 20. Rxe8+ Rxe8 21.
Qxd6 a6 22. Qg3 Qf6 23. g5 hxg5 24. h4 Qxb2 25. hxg5 Re5 26. Qh4 Qc1+ 27. Kf2
Qe3+ 28. Kf1 Kf8 29. Qb4+ Rc5 30. Rh4 a5 31. Qd4 Qxd4 32. Rxd4 Rxg5 33. Nh3 Rc5
34. Rd3 Rf5 35. Kf2 Be8 36. e4 Rc5 37. Nf4 Bb5 38. Rd1 Rc3 39. Ra1 Bc6 40. Ne2
Rc2 41. Ke3 Rc4 42. Nd4 Rc3+ 43. Kf4 Rc4 44. Nf5 Rc3 45. Rh1 f6 46. Rh8+ Kf7 47.
Rh7 Rxa3 48. Rxg7+ Kf8 49. Rg6 a4 50. Rxf6+ Ke8 51. Ke5 Rxf3 52. Nd6+ Kd7 53.
Rxf3 b5 54. Rd3 Kc7 55. Kf6 b4 56. e5 a3 57. e6 a2 58. Rd1 b3 59. Nc4 Be4 60. e7
Bb1 61. e8=N+ Kc6 62. Na5+ Kb5 63. Nxb3 Kb4 64. Na1 Kc3 65. Ke5 Kb2 66. Kd4 Kxa1
67. Rd2 Bc2 68. Kc3 Kb1 69. Rh2 a1=Q+ 70. Kd2 Qd4+ 71. Ke1 Qg1+ 72. Kd2 Qxh2+
73. Kc3 Qh3+ 74. Kb4 Qb3+ 75. Kc5 Qa4 76. Nd6 Qa3+ 77. Kd5 Bb3+ 78. Ke5 Qb2+ 79.
Ke4 Kc2 80. Nf5 Kd2 81. Kf4 Bc2 82. Ne3 Qf6+ 83. Kg3 Kxe3 84. Kh2 Qg5 85. Kh1
Kf2 86. Kh2 Qg2# {White checkmated} 0-1

[Event "Team 45 45 League T42"]
[Site "Internet Chess Club"]
[Date "2009.08.01"]
[Round "1"]
[White "Constrictor"]
[Black "touchthis"]
[Result "1/2-1/2"]
[WhiteElo "1857"]
[BlackElo "1878"]
[Opening "King's Indian: Zinnowitz variation"]
[ECO "E90"]
[Time "17:00:12"]
[TimeControl "2700+45"]

1. Nf3 g6 2. d4 Bg7 3. c4 Nf6 4. Nc3 O-O 5. e4 d6 6. Bg5 Nbd7 7. Be2 e5 8. d5 h6
9. Bh4 g5 10. Bg3 Nc5 11. Nd2 a5 12. O-O Nh7 13. Nb3 Nxe4 14. Nxe4 f5 15. Bd3
fxe4 16. Bxe4 Bf5 17. Nd2 Bxe4 18. Nxe4 Nf6 19. Qe2 Nxe4 20. Qxe4 Qf6 21. Rac1
Qf5 22. Rfe1 h5 23. f3 Qxe4 24. Rxe4 b6 25. Be1 Rf5 26. Bd2 Bh6 27. h4 Kg7 28.
hxg5 Bxg5 29. Bxg5 Rxg5 30. Kf2 Rg8 31. Rh1 Kf6 32. Rh2 Kf5 33. Reh4 Kg6 {Game
drawn by mutual agreement} 1/2-1/2

[Event "Team 45 45 League T42"]
[Site "Internet Chess Club"]
[Date "2009.08.02"]
[Round "1"]
[White "chessateer"]
[Black "viking99"]
[Result "1-0"]
[WhiteElo "1833"]
[BlackElo "1830"]
[Opening "French: King's Indian attack"]
[ECO "C00"]
[Time "14:00:51"]
[TimeControl "2700+45"]

1. e4 e6 2. d3 c5 3. g3 d5 4. Nd2 Qa5 5. Nf3 Nc6 6. Bg2 dxe4 7. dxe4 Nf6 8. O-O
Bd7 9. c3 Be7 10. e5 Ng4 11. Re1 Qc7 12. Qe2 h5 13. h3 Nh6 14. Ne4 Nxe5 15. Nxe5
Qxe5 16. Bf4 Qf5 17. Bd6 Rc8 18. Qd2 Bc6 19. Bxe7 Bxe4 20. Bxe4 Qxh3 21. Bg2 Qg4
22. Bg5 f6 23. Bxh6 Rxh6 24. Rxe6+ Kf7 25. Qd7+ Kg6 26. Be4+ {Black resigns} 1-0

[Event "Team 45 45 League T42"]
[Site "Internet Chess Club"]
[Date "2009.08.01"]
[Round "1"]
[White "Kingofknights"]
[Black "parrot9"]
[Result "1/2-1/2"]
[WhiteElo "1746"]
[BlackElo "1767"]
[Opening "QGD semi-Slav: accelerated Meran (Alekhine variation)"]
[ECO "D45"]
[Time "09:30:08"]
[TimeControl "2700+45"]

1. d4 d5 2. c4 c6 3. Nf3 Nf6 4. Nc3 e6 5. e3 a6 6. a4 Nbd7 7. Be2 dxc4 8. Bxc4
Be7 9. O-O O-O 10. e4 Nb6 11. Bb3 c5 12. e5 Nfd5 13. Ne4 cxd4 14. a5 Nd7 15.
Qxd4 Nb4 16. Bd2 Nc6 17. Qc3 Bb4 18. Qe3 Bxd2 19. Nexd2 b5 20. axb6 Qxb6 {Game
drawn by mutual agreement} 1/2-1/2

[Event "Team 45 45 League T42"]
[Site "Internet Chess Club"]
[Date "2009.08.02"]
[Round "1"]
[White "RandyPCC"]
[Black "DaveTheRook"]
[Result "1-0"]
[WhiteElo "1893"]
[BlackElo "1700"]
[Opening "King's Indian: 5.Be2"]
[ECO "E73"]
[Time "15:00:37"]
[TimeControl "2700+45"]

1. d4 Nf6 2. c4 g6 3. Nc3 Bg7 4. e4 d6 5. Be2 Nbd7 6. Nf3 c6 7. O-O O-O 8. Bg5
Re8 9. Qd2 Qc7 10. Rac1 a6 11. Rfe1 e5 12. d5 c5 13. h3 Nb6 14. a3 Bd7 15. Be3
Na4 16. Bd3 Nxc3 17. Rxc3 Ba4 18. b3 Bd7 19. Rb1 Nh5 20. Bh6 Qc8 21. b4 Nf4 22.
Bxg7 Kxg7 23. bxc5 Bxh3 24. Bf1 Qg4 25. Nh2 Qg5 26. Rg3 Bg4 27. Qb2 h5 28. cxd6
Qh4 29. Re1 Rac8 30. Rxg4 hxg4 31. d7 Rh8 32. Qxe5+ f6 33. Qe7+ Kh6 34. dxc8=Q
Rxc8 35. Qd7 Rh8 36. Nxg4+ Kg5 37. f3 Qh1+ 38. Kf2 Qh4+ 39. g3 Nh3+ 40. Bxh3
Qxh3 41. f4+ Kh5 42. Nxf6+ {Black resigns} 1-0

[Event "Team 45 45 League T42"]
[Site "Internet Chess Club"]
[Date "2009.08.01"]
[Round "1"]
[White "mickeys"]
[Black "avila"]
[Result "0-1"]
[WhiteElo "1890"]
[BlackElo "1749"]
[Opening "QGD Slav: 4.e3"]
[ECO "D11"]
[Time "16:07:12"]
[TimeControl "2700+45"]

1. d4 d5 2. Nf3 Nf6 3. c4 c6 4. e3 e6 5. Be2 Be7 6. Nc3 O-O 7. Qc2 Nbd7 8. O-O
dxc4 9. Bxc4 Qc7 10. e4 Rd8 11. Bd3 h6 12. e5 Nd5 13. a3 N7b6 14. Ne4 Bd7 15.
Bd2 Rac8 16. Rac1 Be8 17. Rfd1 Nd7 18. b4 b6 19. Ba6 Rb8 20. Qxc6 Qxc6 21. Rxc6
Nc5 22. Rxc5 bxc5 23. dxc5 Bb5 24. Bxb5 Rxb5 25. Nd6 Bxd6 26. exd6 Rbb8 27. Nd4
Rbc8 28. Nb3 Kf8 29. Na5 Ke8 30. Nb7 Rd7 31. c6 Rxc6 32. Nc5 Rdxd6 33. Kf1 Nc3
34. Rc1 Rxd2 35. Rxc3 Rd5 36. Rc2 a5 37. Rb2 axb4 38. axb4 Rb6 39. Na4 Rb8 40.
Nc3 Rd3 41. Rb3 Rc8 {White resigns} 0-1

[Event "Team 45 45 League T42"]
[Site "Internet Chess Club"]
[Date "2009.07.31"]
[Round "1"]
[White "vkpanch"]
[Black "KaMi62"]
[Result "0-1"]
[WhiteElo "1652"]
[BlackElo "1864"]
[Opening "Sicilian: Najdorf, Byrne (English) attack"]
[ECO "B90"]
[Time "20:00:12"]
[TimeControl "2700+45"]

1. e4 c5 2. Nf3 d6 3. d4 cxd4 4. Nxd4 Nf6 5. Nc3 a6 6. Be3 e5 7. Nb3 h6 8. f3
Be6 9. Qd2 Be7 10. O-O-O Qc7 11. g4 Bxb3 12. axb3 Nc6 13. Be2 b5 14. h4 Nd7 15.
Nd5 Qb8 16. Nxe7 Kxe7 17. b4 a5 18. Bc5 Nxc5 19. bxc5 Rd8 20. Qd5 Nd4 21. Bxb5
Qxb5 22. Rxd4 Qxc5 23. Qxc5 dxc5 24. Rxd8 Rxd8 25. Rd1 Rd4 26. Rxd4 exd4 27. b3
g5 28. hxg5 hxg5 29. Kd2 Kd6 30. Kd3 Kc6 31. Kc4 f6 32. Kd3 Kb5 33. e5 fxe5 34.
Ke4 c4 35. bxc4+ Kxc4 36. Kxe5 a4 37. f4 gxf4 38. g5 f3 39. g6 f2 40. g7 f1=Q
41. g8=Q+ Kc3 42. Qg3+ d3 43. cxd3 Qxd3 44. Qe1+ Kb3 45. Kf4 a3 46. Qa1 a2 47.
Kg4 Qb1 48. Qe5 Qg1+ 49. Kf5 Qf1+ 50. Kg4 a1=Q 51. Qb8+ Kc3 52. Qe5+ Kd2 53.
Qd4+ Qxd4+ {White resigns} 0-1

[Event "Team 45 45 League T42"]
[Site "Internet Chess Club"]
[Date "2009.08.01"]
[Round "1"]
[White "az2112"]
[Black "natethegreat"]
[Result "0-1"]
[WhiteElo "1714"]
[BlackElo "1932"]
[Opening "Sicilian: Grand Prix attack"]
[ECO "B23"]
[Time "13:08:51"]
[TimeControl "2700+45"]

1. e4 c5 2. Nc3 Nc6 3. f4 e6 4. Nf3 d5 5. e5 a6 6. a4 b6 7. Be2 Bb7 8. d4 cxd4
9. Nxd4 Nxd4 10. Qxd4 Bc5 11. Qd3 Ne7 12. Bf3 Nf5 13. Ne2 Qe7 14. Bd2 Nh4 15.
O-O-O Nxf3 16. Qxf3 Rc8 17. Qg3 O-O 18. Be3 Bb4 19. f5 exf5 20. Bh6 f6 21. exf6
Rxf6 22. Bg5 Qxe2 23. Bxf6 Qxc2# {White checkmated} 0-1

[Event "Team 45 45 League T42"]
[Site "Internet Chess Club"]
[Date "2009.07.31"]
[Round "1"]
[White "soccerisfun"]
[Black "froggoathorse"]
[Result "1-0"]
[WhiteElo "1439"]
[BlackElo "1622"]
[Opening "Sicilian: Najdorf, Byrne (English) attack"]
[ECO "B90"]
[Time "22:14:25"]
[TimeControl "2700+45"]

1. e4 c5 2. Nf3 d6 3. d4 cxd4 4. Nxd4 Nf6 5. Nc3 a6 6. Be3 e5 7. Nb3 Be6 8. f3
Be7 9. g4 d5 10. g5 d4 11. gxf6 Bxf6 12. Nc5 Qb6 13. N3a4 Qa5+ 14. Qd2 Bh4+ 15.
Kd1 Qc7 16. Nxe6 fxe6 17. Bg5 Bxg5 18. Qxg5 O-O 19. Qg4 b5 20. Qxe6+ Kh8 21. Nb6
Ra7 22. Nd5 Qc5 23. Be2 {Black disconnected and forfeits} 1-0

[Event "Team 45 45 League T42"]
[Site "Internet Chess Club"]
[Date "2009.07.30"]
[Round "1"]
[White "adh2050"]
[Black "BadHabitMarco"]
[Result "1-0"]
[WhiteElo "2009"]
[BlackElo "2003"]
[Opening "Sicilian: closed"]
[ECO "B23"]
[Time "15:00:06"]
[TimeControl "2700+45"]

1. e4 c5 2. Nc3 d6 3. f4 Nc6 4. Nf3 Nf6 5. Bc4 g6 6. O-O Bg7 7. d3 O-O 8. Bb3 e6
9. Qe1 Nd4 10. e5 Nd5 11. Ne4 Nxb3 12. axb3 dxe5 13. fxe5 Nb4 14. Bg5 Qc7 15.
Nf6+ Kh8 16. Qh4 h5 17. Nxh5 gxh5 18. Qxh5+ Kg8 19. Bf6 Bxf6 20. exf6 Qf4 21.
Ng5 {Black resigns} 1-0

[Event "Team 45 45 League T42"]
[Site "Internet Chess Club"]
[Date "2009.07.30"]
[Round "1"]
[White "poni"]
[Black "Gregorio"]
[Result "0-1"]
[WhiteElo "2015"]
[BlackElo "2038"]
[Opening "English: symmetrical, hedgehog system"]
[ECO "A05"]
[Time "22:31:46"]
[TimeControl "2700+45"]

1. Nf3 Nf6 2. c4 b6 3. g3 e6 4. Bg2 Bb7 5. O-O c5 6. Nc3 Be7 7. Re1 O-O 8. e4 d6
9. d4 cxd4 10. Nxd4 Nfd7 11. Ndb5 Ne5 12. Qe2 a6 13. Nd4 Qc7 14. b3 Bf6 15. Be3
Nbc6 16. Red1 Nd7 17. Rac1 Rad8 18. Nxc6 Bxc6 19. Nb5 Qb8 20. Nxd6 Be7 21. c5
Nxc5 22. e5 Bxg2 23. Kxg2 Bxd6 24. exd6 Rxd6 25. Bxc5 bxc5 26. Rxc5 Qa8+ 27. Kg1
Rxd1+ 28. Qxd1 Rd8 29. Qc2 h6 30. Rc7 a5 31. h4 Qa6 32. Kg2 Qd6 33. Rc8 Rxc8 34.
Qxc8+ Kh7 35. Qc2+ f5 36. Qc3 Qd5+ 37. Kh2 e5 38. a3 e4 39. b4 Qd3 40. Qc5 Qf3
41. Qe3 Qd1 42. bxa5 Qd6 43. Qc3 f4 44. gxf4 Qxf4+ 45. Qg3 Qd2 46. a6 Qa5 47.
Qd6 Qf5 48. Qg3 Qa5 49. Qe3 Qxa6 50. Qxe4+ Kh8 51. a4 Qf1 52. Qd4 Kh7 53. Qc5
Qe2 54. Qf5+ Kh8 55. a5 Qa6 56. Qc5 Qf6 57. Qd4 Qxd4 {White resigns} 0-1

[Event "Team 45 45 League T42"]
[Site "Internet Chess Club"]
[Date "2009.07.30"]
[Round "1"]
[White "GabGag"]
[Black "koni"]
[Result "1/2-1/2"]
[WhiteElo "1892"]
[BlackElo "1975"]
[Opening "Pirc defense"]
[ECO "B07"]
[Time "16:00:43"]
[TimeControl "2700+45"]

1. e4 d6 2. d4 Nf6 3. Nd2 e5 4. Ngf3 Nbd7 5. g3 Be7 6. Bg2 c6 7. O-O O-O 8. Re1
Qc7 9. Nf1 b5 10. Ne3 g6 11. dxe5 dxe5 12. h4 Nc5 13. Nd2 Rd8 14. Qe2 a5 15. b3
Ba6 16. c4 Nd3 17. Rd1 Bb4 18. cxb5 Bxb5 19. Ndc4 Nxc1 20. Raxc1 Rd4 21. f3 Rad8
22. Qc2 Nh5 23. Kh2 Qe7 24. Bf1 Qf6 25. Be2 Nxg3 26. Kxg3 Qf4+ 27. Kg2 Qxh4 28.
Rh1 Qg5+ 29. Kf2 Bc5 30. Rcg1 Qf4 31. Rg4 Qf6 32. Kg2 R4d7 33. Nf1 Bb4 34. Qc1
Bxc4 35. Bxc4 Rd1 36. Qh6 Qg7 37. Qg5 R8d7 38. Rgh4 Be7 39. Qg4 Bxh4 40. Qxh4
Ra1 41. a4 h5 42. Qg5 Kh7 43. Qe3 Qf6 44. Kg3 Rdd1 45. Kf2 Ra2+ 46. Kg3 Raa1 47.
Kf2 h4 48. Kg1 Re1 49. Qf2 Qg5+ 50. Kh2 Qf4+ 51. Kh3 Rxe4 52. Rg1 Rd4 53. Rg4
Qf5 54. Qxh4+ Kg7 55. Nh2 Rg1 56. Qe7 Rd2 57. Bxf7 Qh5+ 58. Rh4 Qf5+ 59. Rg4
Qh5+ 60. Rh4 Qf5+ 61. Rg4 {Game drawn by repetition} 1/2-1/2

[Event "Team 45 45 League T42"]
[Site "Internet Chess Club"]
[Date "2009.08.02"]
[Round "1"]
[White "Paulkov"]
[Black "Matusalen"]
[Result "1-0"]
[WhiteElo "1950"]
[BlackElo "1997"]
[Opening "Caro-Kann: Steinitz variation"]
[ECO "B17"]
[Time "18:00:39"]
[TimeControl "2700+45"]

1. e4 c6 2. d4 d5 3. Nc3 dxe4 4. Nxe4 Nd7 5. Bc4 Ngf6 6. Ng5 e6 7. Qe2 Nb6 8.
Bb3 h6 9. N5f3 c5 10. dxc5 Nbd7 11. Ne5 Nxc5 12. Ngf3 Nxb3 13. axb3 Qc7 14. O-O
Bd6 15. Rd1 O-O 16. Nc4 Be7 17. Be3 Nd5 18. Bd4 Bf6 19. Bxf6 Nxf6 20. Qe5 Qxe5
21. Nfxe5 Nd5 22. Nd6 a6 23. c4 Nf6 24. b4 b6 25. Ra3 Ra7 26. b5 a5 27. b4 a4
28. Rda1 {Black resigns} 1-0

[Event "Team 45 45 League T42"]
[Site "Internet Chess Club"]
[Date "2009.08.02"]
[Round "1"]
[White "markgravitygood"]
[Black "Pason"]
[Result "1-0"]
[WhiteElo "1964"]
[BlackElo "2073"]
[Opening "Sicilian"]
[ECO "B56"]
[Time "12:00:06"]
[TimeControl "2700+45"]

1. e4 c5 2. Nf3 d6 3. d4 cxd4 4. Nxd4 Nf6 5. Nc3 Nc6 6. Be3 e5 7. Nf3 Be7 8. Bc4
O-O 9. O-O Na5 10. Bd3 Bg4 11. h3 Be6 12. Qe2 Qc8 13. Ng5 Bc4 14. Rac1 h6 15.
Nf3 Be6 16. Nd2 Re8 17. f4 exf4 18. Rxf4 Nc6 19. Bc4 Ne5 20. Bxe6 Qxe6 21. Rcf1
a6 22. Qf2 Rac8 23. Rf5 Bf8 24. Bxh6 Nxe4 25. Ndxe4 Qxh6 26. Nd5 Qe6 27. Nef6+
gxf6 28. Nxf6+ Kg7 29. Qh4 {Black resigns} 1-0

[Event "Team 45 45 League T42"]
[Site "Internet Chess Club"]
[Date "2009.08.04"]
[Round "1"]
[White "alastorx"]
[Black "Stryker672"]
[Result "0-1"]
[WhiteElo "1889"]
[BlackElo "1871"]
[Opening "Richter-Veresov attack"]
[ECO "D01"]
[Time "19:00:08"]
[TimeControl "2700+45"]

1. d4 Nf6 2. Nc3 d5 3. Bg5 Nbd7 4. f3 c6 5. Qd2 Qa5 6. e4 dxe4 7. fxe4 e5 8.
dxe5 Nxe5 9. O-O-O Bb4 10. Nge2 Be6 11. Bxf6 gxf6 12. a3 Nc4 13. Qf4 Bxa3 14.
Rd4 Bxb2+ 15. Kd1 Qa1+ 16. Nc1 Bxc3 {White resigns} 0-1

[Event "Team 45 45 League T42"]
[Site "Internet Chess Club"]
[Date "2009.07.31"]
[Round "1"]
[White "spunni"]
[Black "NFK"]
[Result "1/2-1/2"]
[WhiteElo "1876"]
[BlackElo "1746"]
[Opening "Pirc: classical system, 5.Be2"]
[ECO "B08"]
[Time "14:00:47"]
[TimeControl "2700+45"]

1. e4 d6 2. d4 Nf6 3. Nc3 g6 4. Nf3 Bg7 5. Be2 Nc6 6. d5 Nb8 7. O-O O-O 8. Re1
c6 9. h3 cxd5 10. exd5 b6 11. Bg5 Bb7 12. Qd2 Nbd7 13. Bc4 Rc8 14. Bb3 Nc5 15.
Re2 Nxb3 16. axb3 a5 17. Bh6 Rc5 18. Bxg7 Kxg7 19. Qd4 Bxd5 20. Nd2 Bb7 21. Nde4
Bxe4 22. Nxe4 Rd5 23. Qc4 Re5 24. Nxf6 exf6 25. Rd1 Rfe8 26. Red2 Re1+ 27. Kh2
Rxd1 28. Rxd1 Qe7 29. f4 Qd7 30. Rd2 {Game drawn by mutual agreement} 1/2-1/2

[Event "Team 45 45 League T42"]
[Site "Internet Chess Club"]
[Date "2009.07.31"]
[Round "1"]
[White "Egmont"]
[Black "bogolijubov"]
[Result "0-1"]
[WhiteElo "1787"]
[BlackElo "1830"]
[Opening "Scandinavian defense"]
[ECO "B01"]
[Time "12:03:58"]
[TimeControl "2700+45"]

1. e4 d5 2. exd5 Nf6 3. Bb5+ Bd7 4. Be2 Nxd5 5. d4 Bf5 6. Nf3 e6 7. a3 Be7 8.
O-O Nc6 9. Nc3 O-O 10. Nxd5 Qxd5 11. Be3 Bf6 12. c3 Rad8 13. Bf4 e5 14. dxe5 Qe4
15. Bd2 Nxe5 16. Nxe5 Bxe5 17. f4 Bd6 18. Bf3 Bc5+ 19. Kh1 Qd3 20. Bc1 Qc4 21.
Be2 Rxd1 22. Bxc4 Rxf1+ 23. Bxf1 Rd8 24. b4 Bb6 25. c4 Bd4 26. Ra2 Bc3 27. Be2
Bb1 {White resigns} 0-1

[Event "Team 45 45 League T42"]
[Site "Internet Chess Club"]
[Date "2009.07.30"]
[Round "1"]
[White "easycure"]
[Black "keisher415"]
[Result "1-0"]
[WhiteElo "2403"]
[BlackElo "2029"]
[Opening "Benkö gambit: 7.e4"]
[ECO "A59"]
[Time "21:12:25"]
[TimeControl "2700+45"]

1. d4 Nf6 2. c4 c5 3. d5 b5 4. cxb5 a6 5. bxa6 Bxa6 6. Nc3 d6 7. e4 Bxf1 8. Kxf1
g6 9. Nf3 Bg7 10. h3 O-O 11. Kg1 Nbd7 12. Kh2 Qa5 13. Re1 Rfb8 14. Re2 Nh5 15.
Rc2 Ra7 16. Bg5 Qa6 17. Rac1 h6 18. Be3 Rab7 19. Qd2 Kh7 20. b3 Rb4 21. Qe1 Qb7
22. Nd2 Ne5 23. Qe2 Nf6 24. f4 Ned7 25. Nc4 Ra8 26. Qf3 Nb6 27. Nxb6 Qxb6 28. e5
Ne8 29. Ne4 Qb8 30. exd6 exd6 31. f5 Qd8 32. Bd2 Rb7 33. Bc3 Bxc3 34. Qxc3 Rb4
35. fxg6+ fxg6 36. Rf2 Rxe4 37. Rf7+ Kg8 38. Rcf1 Re7 39. Rf8+ {Black resigns}
1-0

[Event "Team 45 45 League T42"]
[Site "Internet Chess Club"]
[Date "2009.07.31"]
[Round "1"]
[White "searchforbobby1"]
[Black "jorobo"]
[Result "1-0"]
[WhiteElo "2168"]
[BlackElo "2193"]
[Opening "French: Winawer, advance, 5.a3"]
[ECO "C17"]
[Time "22:06:29"]
[TimeControl "2700+45"]

1. e4 e6 2. d4 d5 3. Nc3 Bb4 4. e5 c5 5. a3 Ba5 6. b4 cxb4 7. Nb5 Nc6 8. axb4
Bxb4+ 9. c3 Be7 10. Ba3 Bxa3 11. Rxa3 Qe7 12. Ra2 Nh6 13. Nd6+ Kf8 14. Bd3 f5
15. Nh3 Nf7 16. Nxf7 Qxf7 17. Nf4 g6 18. h4 Qe7 19. g4 Ke8 20. gxf5 gxf5 21. Nh5
Kd8 22. Nf6 Rf8 23. Bb5 Bd7 24. Bxc6 Bxc6 25. Qh5 Rf7 26. Rg1 Kc7 27. Kd2 a6 28.
Qg5 b5 29. h5 a5 30. h6 a4 31. Rb1 Rb8 32. Qe3 Rbf8 33. Rg1 Rb8 34. Rb1 Ra8 35.
Kc2 Kb7 36. Qd3 Kb6 37. c4 dxc4 38. Qxc4 Qc7 39. Kd2 Bd7 40. Qb4 Rc8 41. Nxd7+
Qxd7 42. Rxa4 Rb8 43. Qc5+ {Black resigns} 1-0

[Event "Team 45 45 League T42"]
[Site "Internet Chess Club"]
[Date "2009.08.01"]
[Round "1"]
[White "Ser-Enigma"]
[Black "spacecadet"]
[Result "1-0"]
[WhiteElo "2177"]
[BlackElo "2077"]
[Opening "Budapest: Fajarowicz variation"]
[ECO "A51"]
[Time "14:04:50"]
[TimeControl "2700+45"]

1. d4 Nf6 2. c4 e5 3. dxe5 Ne4 4. a3 d6 5. Qc2 d5 6. Nc3 Nxc3 7. Qxc3 Nc6 8. e3
Be6 9. Nf3 Be7 10. b4 f6 11. b5 Nxe5 12. Nxe5 fxe5 13. Qxe5 Qd7 14. cxd5 Bxd5
15. e4 Be6 16. Bg5 Bxg5 17. Qxg5 Qd4 18. Rc1 O-O 19. f3 Rad8 20. Be2 Rf7 21. Qc5
Qb2 22. Qc3 Qxc3+ 23. Rxc3 Rc8 24. Kf2 c5 25. bxc6 Rxc6 26. Rxc6 bxc6 27. Rc1
Rc7 28. Ke3 c5 29. f4 g6 30. g4 a5 31. f5 Bb3 32. Bc4+ Bxc4 33. Rxc4 Kf7 34. e5
h5 35. h3 hxg4 36. hxg4 gxf5 37. gxf5 Ke7 38. Ke4 Rc8 39. Kd5 Rd8+ 40. Kxc5 Rd3
41. a4 Rf3 42. Kd5 Rxf5 43. Rc7+ Kd8 44. Ra7 Rf1 45. Rxa5 Ke7 46. Ra7+ Kd8 47.
a5 Ra1 48. a6 Ra2 49. Ke6 Ra1 50. Ra8+ Kc7 51. Ke7 Ra2 52. e6 Ra1 53. a7 Kb7 54.
Rd8 Kxa7 55. Rd6 {Black resigns} 1-0

[Event "Team 45 45 League T42"]
[Site "Internet Chess Club"]
[Date "2009.07.31"]
[Round "1"]
[White "nardz"]
[Black "gaibo4ever"]
[Result "1/2-1/2"]
[WhiteElo "1998"]
[BlackElo "2017"]
[Opening "Trompowsky attack (Ruth, Opocenský opening)"]
[ECO "A45"]
[Time "19:01:06"]
[TimeControl "2700+45"]

1. d4 Nf6 2. Bg5 d5 3. Bxf6 exf6 4. g3 Nd7 5. Bg2 c6 6. e3 Qb6 7. b3 Bb4+ 8. c3
Bd6 9. Ne2 f5 10. O-O Nf6 11. c4 Qd8 12. Nbc3 Be6 13. c5 Bc7 14. b4 g5 15. Qc1
h5 16. f4 g4 17. a4 h4 18. Kf2 h3 19. Bh1 O-O 20. Qc2 Re8 21. Rfb1 Bd7 22. b5
Qe7 23. Nd1 Reb8 24. Rb2 Ne8 25. Rab1 Qd8 26. Nc1 f6 27. Nd3 Kg7 28. Nc3 Ba5 29.
Nb4 Nc7 30. Rb3 Bxb4 31. Rxb4 Rc8 32. R1b2 Qe7 33. bxc6 bxc6 34. Rb7 Qd8 35. Qb1
Kg6 36. R2b3 Be6 37. Ne2 Na6 38. Qd3 Qa5 39. Re7 Re8 40. Rxe8 Rxe8 41. Qc3 Qxc3
42. Nxc3 Rb8 43. Rxb8 Nxb8 44. Ke2 Na6 45. Na2 Kf7 46. Kd2 Bc8 47. Kc2 Ke7 48.
Kb3 Kd7 49. Kc3 Nc7 50. Nb4 a5 51. Nd3 Ba6 52. Ne1 Bf1 53. Kb3 Na6 54. Kc3 Nb4
55. Kd2 Na2 56. Kc2 Bc4 57. Kb2 Nb4 58. Kc3 Kc7 59. Kb2 Nd3+ 60. Nxd3 Bxd3 61.
Bxd5 cxd5 62. Kc1 Be2 63. Kd2 Bf1 64. Kc1 Bc4 65. Kb2 Kb8 66. Kc3 Ka7 67. Kb2
Bd3 68. Kc3 Be2 69. Kd2 Bf1 70. Kc3 Kb8 71. Kd2 Ba6 72. Kc3 Kc7 73. Kd2 {Game
drawn by mutual agreement} 1/2-1/2

[Event "Team 45 45 League T42"]
[Site "Internet Chess Club"]
[Date "2009.08.02"]
[Round "1"]
[White "A-Proudian"]
[Black "Uwak"]
[Result "0-1"]
[WhiteElo "1868"]
[BlackElo "2403"]
[Opening "Sicilian: Alapin's variation (2.c3)"]
[ECO "B22"]
[Time "21:00:21"]
[TimeControl "2700+45"]

1. e4 c5 2. c3 Nf6 3. e5 Nd5 4. d4 cxd4 5. Qxd4 e6 6. Nf3 Nc6 7. Qe4 f5 8. Qe2
Qc7 9. g3 b6 10. Bg2 a5 11. O-O Ba6 12. c4 Bc5 13. b3 O-O 14. Rd1 f4 15. g4 a4
16. Bb2 Nde7 17. Nbd2 a3 18. Bc3 Nd5 19. Ne4 Nxc3 20. Nxc3 Rad8 21. Qe4 Nb4 22.
Ng5 g6 23. Rd2 f3 24. Bxf3 Be7 25. Nh3 Nc6 26. Re2 Nxe5 27. Nd5 Nxf3+ 28. Qxf3
Rxf3 29. Nxc7 Bb7 30. Re3 Rdf8 31. Rf1 Bc5 32. Rxf3 Rxf3 33. Ng5 Rf4 34. h3 h6
35. Ngxe6 dxe6 36. Nxe6 Rf3 37. Nxc5 bxc5 38. Kh2 g5 39. Rd1 Rxf2+ 40. Kg1 Rf7
41. Rd2 Kg7 42. Kh2 Be4 43. Re2 Bb1 44. Kg3 Rb7 45. Kf2 Kf6 46. Kg3 Bxa2 47.
Rxa2 Rxb3+ {White resigns} 0-1